AoeStats
← Runxi24

Black Forest

507828745Analyzed
4v4 RM · 12d ago on Sep 19, 2026· 9m 11s· 8 players
Game mode
Random Map
Map size
Large (8 player)
Population
200
Speed
Normal
Resources
Standard
Victory
Conquest
Starting age
Dark Age
Ending age
Imperial Age
RankedLock teamsTeams togetherTeam positionsShared explorationLock speedFull tech treeHidden civsTurbo modeCheats
Victory
Defeat
🇩🇪 Celts · Germany
1308
+11
🇸🇪 Dravidians · Sweden
1216
+15
🇩🇪 Mongols · Germany
1200
+16
🇷🇴 Turks · Romania
1044
+22
🇪🇸 Bohemians · Spain
1228
-17
🇺🇸 Maya · United States
1210
-17
🇩🇰 Jurchens · Denmark
1165
-15
🇦🇷 Bohemians · Argentina
1164
-15
Szorinx
0:33 Loom
NotADuck
5:28 Loom
Jesus_was_black
0:31 Loom
Azazel
0:28 Loom
BayofDeath1
0:35 Loom
Stench_of_Evil
NotGG
5:31 Loom
8:45 Feudal Age
Runxi24
5:59 Loom
Connection lost

Rejoining the realm…

Still unreachable

The connection could not be restored.

Session expired

The server has moved on; the page needs a fresh start.